 Dungeon Crawl Stone Soup version 0.30-a0-718-geaa24f58ff (webtiles) character file.

Game seed: 7486120801695530698

38 lesbiats the Conjurer (level 3, -1/28 HPs)
             Began as a Draconian Conjurer on Jan 26, 2023.
             Slain by an adder (3 damage)
             ... on level 2 of the Dungeon.
             The game lasted 00:04:04 (1528 turns).

lesbiats the Conjurer (Draconian Conjurer)          Turns: 1528, Time: 00:04:05

Health: -1/28      AC:  6    Str:  9    XL:     3   Next: 25%
Magic:  1/7        EV: 12    Int: 20    God:
Gold:   140        SH:  0    Dex:  9    Spells: 4/7 levels left

rFire   + . .      SeeInvis .    b - +0 short sword
rCold   + . .      Faith    .    (no shield)
rNeg    . . .      Spirit   .    (body armour unavailable)
rPois   +          Reflect  .    (helmet restricted)
rElec   +          Harm     .    l - scarf {repulsion}
rCorr   +          Rampage  .    i - +0 pair of gloves
Will    .....                    (no boots)
Stlth   ++                       (no amulet)
HPRegen 0.24/turn                (no ring)
MPRegen 0.10/turn                (no ring)

@: resistant, repel missiles
A: AC +5, unfitting armour, cold-blooded
a: no special abilities


You were on level 2 of the Dungeon.
You visited 1 branch of the dungeon, and saw 2 of its levels.

You collected 140 gold pieces.

Inventory:

Hand Weapons
 b - a +0 short sword (weapon)
Armour
 i - a +0 pair of gloves (worn)
 l - a scarf of repulsion (worn)
Scrolls
 c - a scroll of identify
 d - a scroll of fog
 f - a scroll of vulnerability {unknown}
 g - a scroll of immolation {unknown}
 h - 3 scrolls of silence {unknown}
 k - a scroll of enchant weapon {unknown}
Potions
 a - a potion of magic
 j - a potion of lignification {unknown}


   Skills:
 + Level 1.2 Fighting
 + Level 2.1 Dodging
 - Level 1.7 Stealth
 * Level 2.6 Spellcasting
 + Level 4.2 Conjurations


You had 4 spell levels left.
You knew the following spells:

 Your Spells              Type           Power      Damage    Failure   Level
a - Magic Dart            Conj           76%        1d6       2%          1
b - Searing Ray           Conj           38%        2d5       4%          2

Your spell library contained the following spells:

 Spells                   Type           Power      Damage    Failure   Level
 Freeze                   Ice            8%         1d3       16%         1
 Sandblast                Erth           4%         2d4       16%         1
 Dazzling Flash           Conj/Hex       22%        N/A       19%         3
 Hailstorm                Conj/Ice       11%        3d5       19%         3
 Stone Arrow              Conj/Erth      22%        3d8       19%         3
 Passwall                 Tmut/Erth      1%         N/A       22%         2
 Frozen Ramparts          Ice            4%         1d1       41%         3
 Fulminant Prism          Conj/Hex       5%         3d7       52%         4
 Iskenderun's Mystic Bla  Conj/Tloc      11%        2d4       52%         4


Dungeon Overview and Level Annotations

Branches:
Dungeon (2/15)

Altars:


Innate Abilities, Weirdness & Mutations

Your plain brown scales are hard. (AC +5)
You cannot fit into any form of body armour.
You are cold-blooded and may be slowed by cold attacks.


Message History

Press: ? - help, Shift-Dir - straight line, f - hobgoblin
Aim: a hobgoblin (100% to hit)
The magic dart hits the hobgoblin.
The hobgoblin is almost dead.
The hobgoblin barely misses you.
Casting: Magic Dart (safe; 2% risk of failure)
Confirm with . or Enter, or press ? or * to list all spells.
Aiming: Magic Dart (safe; 2% risk of failure)
Press: ? - help, Shift-Dir - straight line, f/p - hobgoblin
Aim: a hobgoblin (almost dead, 100% to hit)
The magic dart hits the hobgoblin.
You kill the hobgoblin!
The adder hisses angrily.
Casting: Magic Dart (safe; 2% risk of failure)
Confirm with . or Enter, or press ? or * to list all spells.
Aiming: Searing Ray (safe; 4% risk of failure)
Press: ? - help, Shift-Dir - straight line, f - adder
Aim: an adder (63% to hit)
The searing ray hits the adder.
The adder is moderately wounded.
The searing ray hits the worm.
The worm is moderately wounded. (Press . to maintain the ray.)
The adder closely misses you.
The searing ray hits the adder!
The adder is almost dead.
The searing ray hits the worm!
The worm is almost dead.
The adder bites you.
* * * LOW HITPOINT WARNING * * *
The adder closely misses you.
Casting: Searing Ray (safe; 4% risk of failure)
Confirm with . or Enter, or press ? or * to list all spells.
Aiming: Magic Dart (safe; 2% risk of failure)
Press: ? - help, Shift-Dir - straight line, f/p - adder
Aim: an adder (almost dead, 100% to hit)
The magic dart hits the adder.
The adder is almost dead.
The adder bites you.
You die...

...○°°.....○°○.....#....##.#
..#####.†.#####........# #.#
#☼.☼# #........# #.# #○☼☼#
#.......## #.# #§○○#
#......### #<#
..#####...#####........###.#
#....##...##..w.#.###..##.#
#......##...S#.# ##..#.#
###.....#...@..# ##...#
####.#..........# ##..#
#....#..........# #..#
#...###...#.......# #.[#
.... ##........÷.## #..#
.... #............# #..#
....###...##(....>.# #.(#
........#.##.......# #..#
........#.##......##


You could see a worm and an adder.

Vanquished Creatures
  A dart slug (D:1)
  3 bats
  6 endoplasms (D:1)
  A giant cockroach (D:1)
  5 goblins
  7 hobgoblins
  2 kobolds (D:1)
  A ball python (D:1)
  A rat (D:1)
27 creatures vanquished.

Vanquished Creatures (others)
  A dart slug (D:2)
1 creature vanquished.

Grand Total: 28 creatures vanquished

Notes
Turn   | Place    | Note
-------+----------+-------------------------------------------
     0 | D:1      | lesbiats the Draconian Conjurer began the quest for the
                  | Orb.
     0 | D:1      | Reached XP level 1. HP: 14/14 MP: 3/3
   238 | D:1      | Reached XP level 2. HP: 13/22 MP: 0/5
   664 | D:1      | Reached skill level 1 in Fighting
   944 | D:1      | Learned a level 2 spell: Searing Ray
  1230 | D:2      | Reached XP level 3. HP: 28/28 MP: 4/6
  1512 | D:2      | HP: 1/28 [something (7)]
  1528 | D:2      | Slain by an adder

Illustrated notes

Levels and vault maps discovered:
D:1:      roderic_crop_circles_arrival_small, layout_basic
D:2:      layout_rooms, lemuel_flame_loot_1

Skill      XL: |  1  2 |
---------------+-------+-----
Dodging        | 2 |  2.1
Fighting       | 1 |  1.2
Stealth        | |  1.7
Spellcasting   | |  2.6
Conjurations   | |  4.2

Action                     || total
---------------------------++-------
  Melee: Short sword       ||    15
         Unarmed           ||     4
         Tailslap          ||     5
   Cast: Magic Dart        ||    52
         Searing Ray       ||     2
    Use: Scroll            ||     2
         Potion            ||     2
 Armour: Skin              ||     7
  Dodge: Dodged            ||    17

Table legend: (Time is in decaauts)
 A = Elapsed time spent in this place.
 B = Non-inter-level travel time spent in this place.
 C = Inter-level travel time spent in this place.
 D = Time resting spent in this place.
 E = Time spent auto-exploring this place.
 F = Levels seen in this place.
 G = Mean time per level.
                   A        B        C        D        E       F      G
               +--------+--------+--------+--------+--------+-----+--------+
         Total |   1528 |   1394 |    134 |    336 |    813 |   2 |  764.0 |
       Dungeon |   1528 |   1394 |    134 |    336 |    813 |   2 |  764.0 |
               +--------+--------+--------+--------+--------+-----+--------+

Top non-repeatable levels by time:
     D:1: 1212 daAuts
     D:2: 315 daAuts
